AoeStats
← Carple

MegaRandom

505123827Analyzed
1v1 RM · 26d ago on Sep 7, 2026· 39m 15s· 2 players
Game mode
Random Map
Map size
Tiny (2 player)
Population
200
Speed
Normal
Resources
Standard
Victory
Conquest
Starting age
Dark Age
Ending age
Imperial Age
RankedLock teamsTeams togetherTeam positionsShared explorationLock speedFull tech treeHidden civsTurbo modeCheats
Victory
Defeat
🇨🇦 Spanish · Canada
1287
+15
🇦🇷 Malians · Argentina
1259
-15
JuanDomingoJetón
6:08 Loom
8:47 Feudal Age
8:49 Man-at-Arms
10:06 Double-Bit Axe
11:42 Horse Collar
18:25 Castle Age
16:55 Fletching
17:41 Scale Barding Armor
18:29 Bloodlines
19:07 Husbandry
24:35 Forging
38:53 Wheelbarrow
Carple
4:54 Loom
10:29 Feudal Age
16:17 Castle Age
15:53 Stone Mining
15:53 Double-Bit Axe
18:14 Husbandry
27:36 Horse Collar
29:22 Forging
29:44 Pikeman
33:16 Squires
37:48 Arson
Connection lost

Rejoining the realm…

Still unreachable

The connection could not be restored.

Session expired

The server has moved on; the page needs a fresh start.